 Dungeon Crawl Stone Soup version bcrawl-1.19.2-6-g6a88ae04c9 (webtiles) character file.

Game seed: 7582246397873582291

90 esc the Magician (level 4, -1/26 HPs)
             Began as a Skeleton Wizard on Jan 10, 2020.
             Killed by divine providence
             ... invoked by an orc priest
              (7 damage)
             ... on level 3 of the Dungeon.
             The game lasted 00:05:53 (2645 turns).

esc the Magician (Skeleton Wizard)                  Turns: 2645, Time: 00:05:54

Health: -1/26      AC:  2    Str: 13      XL:     4   Next: 32%
Magic:  0/11       EV: 12    Int: 18      God:
Gold:   97         SH:  0    Dex:  5 (7)  Spells: 12/13 levels left

rFire    . . .     SeeInvis .   e - +0 whip (flame)
rCold    + . .     Gourm    .   (no shield)
rNeg     + + +     Faith    .   b - +0 robe
rPois    ∞         Spirit   +   c - +0 hat
rElec    .         Reflect  .   (no cloak)
rCorr    .         Harm     .   (no gloves)
MR       .....                  (no boots)
Stlth    ++........             (no amulet)
HPRegen  0.08/turn              g - ring of positive energy
MPRegen  0.12/turn              (no ring)

@: no status effects
A: no food or potions, cold resistance 1, deterioration 1, negative energy
resistance 3, torment resistance, unbreathing, magic shield, sturdy frame 1,
spell healing
a: no special abilities


You were on level 3 of the Dungeon.
You were not hungry.

You visited 1 branch of the dungeon, and saw 3 of its levels.

You collected 97 gold pieces.

Inventory:

Hand Weapons
 a - a +0 staff
 e - a +0 whip of flaming (weapon)
Armour
 b - a +0 robe (worn)
 c - a +0 hat (worn)
Jewellery
 g - a ring of positive energy (left hand)
Scrolls
 d - 2 scrolls of fear {unknown}
 h - a scroll of remove curse
 i - a scroll of enchant armour {unknown}


   Skills:
 + Level 1.7 Fighting
 + Level 2.8 Dodging
 - Level 2.4 Stealth
 + Level 5.2 Spellcasting
 + Level 2.7 Conjurations
   Level 1.1 Summonings
   Level 0.7 Translocations


You had 12 spell levels left.
You knew the following spells:

 Your Spells              Type           Power        Failure   Level  Hunger
a - Magic Dart            Conj           ##..         4%          1    N/A

Your spell library contained the following spells:

 Spells                   Type           Power        Failure   Level  Hunger
 Call Imp                 Summ           #.....       13%         2    N/A
 Blink                    Tloc           N/A          14%         2    N/A
 Conjure Flame            Conj/Fire      #.......     22%         3    N/A
 Mephitic Cloud           Conj/Pois/Air  #.......     26%         3    N/A
 Spider Form              Tmut/Pois      Unusable     N/A         3    N/A

Dungeon Overview and Level Annotations

Branches:
Dungeon (3/12)

Altars:


Innate Abilities, Weirdness & Mutations

You do not eat or drink.
You are immune to poison.
Your flesh is cold resistant. (rC+)
Your body sometimes deteriorates upon taking damage.
You are immune to negative energy. (rN+++)
You are immune to unholy pain and torment.
You can survive without breathing.
When hurt, damage is shared between your health and your magic reserves.
Your movements are slightly less encumbered by armour. (ER -2)
Casting spells heals you.


Message History

Confirm with . or Enter, or press ? or * to list all spells.
Aiming: Magic Dart (safe; 4% risk of failure)
Press: ? - help, Shift-Dir - straight line, f/p - orc
Aim: an orc, wearing a +3 leather armour The magic dart hits the orc.
The orc hits you.
* * * LOW HITPOINT WARNING * * *
Press: ? - help, v - describe, . - travel
Here: an orc, wearing a +3 leather armour The floor.
You see here a hunting sling.
The orc closely misses you.
Your magical contamination has completely faded away.
There is a stone staircase leading down here.
You climb downwards. 2 orcs come into view.
The orc shouts!
A dart slug comes into view.
The orc priest invokes the aid of Beogh against you.
Beogh smites you!
You die...

.# .# #.
.#..##.
#.##.......
#..<.......
#..........
#.......#..
#.....###
#.o...####
#.@....o>o
###......w
#.###### .#
.# .# .# .#


You could see an orc priest, a dart slug (wandering) and 2 orcs.

Vanquished Creatures
  An orc priest (D:3)
  2 worms (D:2)
  4 dart slugs
  6 leopard geckos
  An orc (D:2)
  2 giant cockroaches (D:2)
  3 goblins (D:1)
  6 hobgoblins
  3 jackals (D:2)
  A quokka (D:3)
  2 frilled lizards (D:2)
  4 kobolds
  3 rats
38 creatures vanquished.

Notes
Turn   | Place    | Note
-------+----------+-------------------------------------------
     0 | D:1      | esc the Skeleton Wizard began the quest for the Orb.
     0 | D:1      | Reached XP level 1. HP: 10/10 MP: 5/5
   435 | D:1      | Reached XP level 2. HP: 16/16 MP: 3/7
   846 | D:2      | Reached skill level 1 in Fighting
  1070 | D:2      | Reached XP level 3. HP: 20/20 MP: 3/9
  1437 | D:2      | Reached skill level 5 in Spellcasting
  2227 | D:3      | Reached XP level 4. HP: 26/26 MP: 3/11
  2645 | D:3      | Killed from afar by an orc priest

Skill      XL: |  1  2  3 |
---------------+----------+-----
Fighting       | 1 |  1.7
Conjurations   | 2 |  2.7
Spellcasting   | 5 |  5.2
Dodging        | |  2.8
Stealth        | |  2.4
Summonings     | |  1.1
Translocations | |  0.7

Action                   |  1- 3 |  4- 6 || total
-------------------------+-------+-------++-------
Melee: Staff             |     2 |       ||     2
       Hand axe          |    13 |       ||    13
       Whip              |    10 |    17 ||    27
 Cast: Magic Dart        |   139 |    18 ||   157
  Use: Scroll            |     3 |       ||     3
Armor: Robe              |     9 |     2 ||    11
Dodge: Dodged            |    27 |    29 ||    56
